 Dungeon Crawl Stone Soup version 0.29-a0-841-g116ddc6ace (webtiles) character file.

Game seed: 9302658760786953461

623 xian the Covered (level 7, -6/44 HPs)
             Began as a Gargoyle Fighter on July 14, 2022.
             Was an Initiate of Gozag.
             Mangled by an ogre
             ... wielding a +0 giant club
              (25 damage)
             ... on level 5 of the Dungeon.
             The game lasted 00:08:48 (4425 turns).

xian the Covered (Gargoyle Fighter)                 Turns: 4425, Time: 00:08:50

Health: -6/44      AC: 12    Str: 22    XL:     7   Next: 46%
Magic:  7/7        EV:  7    Int: 14    God:    Gozag
Gold:   93         SH:  6    Dex:  9    Spells: 6/6 levels left

rFire   . . .      SeeInvis +   a - +0 flail
rCold   . . .      Faith    .   u - +2 buckler
rNeg    + . .      Spirit   .   m - +0 chain mail
rPois   ∞          Reflect  .   b - +0 helmet
rElec   +          Harm     .   (no cloak)
rCorr   .          Rampage  .   (no gloves)
Will    .....                   (no boots)
Stlth   ..........              (no amulet)
HPRegen 0.14/turn               j - ring "Ifuquh" {AC+4 SInv}
MPRegen 0.10/turn               d - +6 ring of intelligence

@: corroded
A: sickness immunity, AC +4, negative energy resistance 1, electricity
resistance, torment resistance 1, petrification resistance
a: Renounce Religion, Potion Petition, Call Merchant, Bribe Branch


You were on level 5 of the Dungeon.
You worshipped Gozag.
Gozag was noncommittal.
You visited 2 branches of the dungeon, and saw 6 of its levels.

You collected 290 gold pieces.
You spent 120 gold pieces at shops.
You paid 77 gold pieces to Gozag.

Inventory:

Hand Weapons
 a - a +0 flail (weapon)
Missiles
 i - 7 poisoned darts (quivered)
 s - a throwing net
Armour
 b - a +0 helmet (worn)
 m - a +0 chain mail (worn)
 u - a +2 buckler (worn)
Jewellery
 d - a +6 ring of intelligence (right hand)
 j - the ring "Ifuquh" (left hand) {AC+4 SInv}
   (You found it on level 2 of the Dungeon)

   [ring of protection]

   AC:        It affects your AC (+4).
   SInv:      It lets you see invisible.
 r - an amulet of magic regeneration
Wands
 p - a wand of roots (1)
Scrolls
 c - a scroll of magic mapping {unknown}
 l - 2 scrolls of teleportation
 n - a scroll of immolation
 v - a scroll of enchant weapon {unknown}
Potions
 e - 3 potions of mutation
 f - 3 potions of flight
 g - a potion of magic
 h - 2 potions of heal wounds
 k - a potion of invisibility {unknown}
 o - 3 potions of curing {unknown}
 q - a potion of cancellation {unknown}
 t - 2 potions of attraction {unknown}


   Skills:
 + Level 4.7 Fighting
 + Level 5.3 Maces & Flails
 + Level 5.5 Armour
 + Level 1.1 Dodging
 + Level 0.3 Stealth
 + Level 4.2 Shields


You had 6 spell levels left.
You didn't know any spells.
Your spell library contained the following spells:

 Spells                   Type           Power      Damage    Failure   Level
 Ensorcelled Hibernation  Hex/Ice        0%         N/A       99%         2
 Spider Form              Tmut/Pois      0%         N/A       100%        3
 Anguish                  Hex/Necr       0%         N/A       100%        4
 Passage of Golubria      Tloc           0%         N/A       100%        4
 Silence                  Hex/Air        0%         N/A       100%        5
 Summon Forest            Summ/Tloc      0%         N/A       100%        5
 Summon Mana Viper        Hex/Summ       0%         N/A       100%        5
 Summon Cactus Giant      Summ           0%         N/A       100%        6
 Lehudib's Crystal Spear  Conj/Erth      0%         10d2      100%        8


Dungeon Overview and Level Annotations

Branches:
Dungeon (5/15)             Temple (1/1) D:4

Altars:
Cheibriados
Dithmenos
Elyvilon
Gozag
Hepliaklqana
Kikubaaqudgha
Makhleb
Nemelex Xobeh
Okawaru
Qazlal
Trog
Uskayaw
Vehumet
Wu Jian
Xom
Yredelemnul
The Shining One

Shops:
D:1 [   D:4 [


Innate Abilities, Weirdness & Mutations

You are immune to sickness and miasma.
Your stone body is resilient. (AC +4)
You are immune to poison.
You resist negative energy. (rN+)
You are resistant to electric shocks. (rElec)
You are resistant to unholy torment.
You are immune to petrification.


Message History

You hit the jelly.
Your hands burn!
The jelly is severely wounded.
The jelly hits you but does no damage.
You hit the jelly. The acid corrodes you!
Your hands burn!
The jelly is almost dead.
The jelly hits you but does no damage.
You sock the jelly!
You kill the jelly!
You now have 93 gold pieces (gained 5).
Found an escape hatch in the ceiling.
Found 5 gold pieces.
v - a scroll labelled EQOLOOPINU
Found 16 gold pieces.
An ogre comes into view. It is wielding a +0 giant club.
Found a book of the Spheres.
The ogre shouts!
A necrophage comes into view.
The ogre moves out of view.
You sock the necrophage!
The necrophage is heavily damaged.
The necrophage hits you but does no damage.
You closely miss the necrophage.
The necrophage is heavily damaged.
You block the necrophage's attack.
You closely miss the necrophage.
The necrophage is heavily damaged.
The necrophage completely misses you. You block the ogre's attack.
You hit the necrophage but do no damage.
The necrophage is moderately damaged.
You block the necrophage's attack. The ogre hits you with a +0 giant club!
You hit the necrophage.
The necrophage is heavily damaged.
You block the necrophage's attack.
You hit the necrophage but do no damage.
The necrophage is heavily damaged.
The necrophage hits you but does no damage.
The ogre hits you with a +0 giant club!!
Ouch! That really hurt!
You die...
Your body crumbles into a pile of gold.

....... ........# .#.#
........# ...# ....:...#
#####..### ....$...#
#.....<..# ........#
#........#
.......$###...>....#
.......O...........#.#
.......@...........#.#
......n...........##.#
..................##.#.#
...................#.#.#
...........######..#.#.#
...........# #......#
...........# #.......
...........# #.#..#..
#.#..# .


You could see an ogre and a necrophage.

Vanquished Creatures
  An ogre (D:4)
  2 scorpions
  A howler monkey (D:3)
  2 hounds
  3 jellies
  3 iguanas
  An orc wizard (D:4)
  4 gnolls (D:4)
  5 adders
  A worm (D:3)
  4 dart slugs
  4 orcs (D:4)
  A bat (D:3)
  3 endoplasms
  A giant cockroach (D:4)
  4 goblins
  4 kobolds
  2 quokkas
  A frilled lizard (D:2)
  2 rats
49 creatures vanquished.

Notes
Turn   | Place    | Note
-------+----------+-------------------------------------------
     0 | D:1      | xian the Gargoyle Fighter began the quest for the Orb.
     0 | D:1      | Reached XP level 1. HP: 14/14 MP: 1/1
   401 | D:1      | Found Xuagao's Armour Emporium.
   499 | D:1      | Reached XP level 2. HP: 15/19 MP: 2/2
   946 | D:2      | Identified the ring "Ifuquh" {AC+4 SInv}
  1201 | D:2      | Reached XP level 3. HP: 17/23 MP: 3/3
  1288 | D:2      | Found a faded altar of an unknown god.
  1830 | D:3      | Found a transporter.
  1838 | D:3      | Found a transporter.
  1873 | D:3      | Found a bloodstained altar of Trog.
  1874 | D:3      | Found a basalt altar of Yredelemnul.
  1955 | D:3      | Reached XP level 4. HP: 24/29 MP: 4/4
  1965 | D:3      | Reached XP level 5. HP: 15/33 MP: 5/5
  2543 | D:3      | Found a snail-covered altar of Cheibriados.
  2543 | D:3      | Found a radiant altar of Vehumet.
  2722 | D:4      | Found a shimmering altar of Xom.
  2742 | D:4      | Reached XP level 6. HP: 5/38 MP: 6/6
  3105 | D:4      | Reached skill level 5 in Armour
  3105 | D:4      | Reached skill level 1 in Dodging
  3524 | D:4      | Reached XP level 7. HP: 43/43 MP: 7/7
  3580 | D:4      | Found a sparkling altar of Nemelex Xobeh.
  3650 | D:4      | Found Zyecrun's Antique Armour Boutique.
  3654 | D:4      | Bought a runed buckler for 120 gold pieces
  3790 | D:4      | Found a staircase to the Ecumenical Temple.
  3802 | Temple   | Entered the Ecumenical Temple
  3807 | Temple   | Became a worshipper of Gozag Ym Sagoz the Greedy
  4159 | D:4      | Reached skill level 5 in Maces & Flails
  4320 | D:5      | Entered Level 5 of the Dungeon
  4425 | D:5      | Mangled by an ogre

Illustrated notes

Levels and vault maps discovered:
D:1:      minmay_arrival_five_plusses, layout_basic, serial_shops,
          nicolae_lakefront_shop, minmay_misc_feat_x
D:2:      layout_basic, hellmonk_ecumenical_altar_inner_sanctum
D:3:      layout_basic, gammafunk_temple_overflow_arena,
          nicolae_overflow_two_pavilions, kennysheep_big_empty_room
D:4:      layout_basic, nemelex_dance_club_becter, brannock_xom_greatest_gift,
          minmay_temple_entry_poolview, serial_shops, shop, grunt_ministairs_6
D:5:      layout_basic, mainiacjoe_overflow_alcove_2
Temple:   minmay_freezing_vapour_temple

Skill      XL: |  1  2  3  4  5  6  7 |
---------------+----------------------+-----
Maces & Flails | 3 4 5 |  5.3
Armour         | 4 5 |  5.5
Fighting       | 4 |  4.7
Shields        | 4 |  4.2
Dodging        | 1 |  1.1
Stealth        | |  0.3

Action                   |  1- 3 |  4- 6 |  7- 9 || total
-------------------------+-------+-------+-------++-------
Melee: Flail             |    67 |    91 |    59 ||   217
  Use: Scroll            |     7 |       |     1 ||     8
       Potion            |     2 |       |       ||     2
Armor: Scale mail        |    23 |       |       ||    23
       Chain mail        |    19 |    66 |    35 ||   120
Dodge: Dodged            |    41 |    35 |    19 ||    95
Block: Buckler           |    20 |    30 |    15 ||    65

Table legend: (Time is in decaauts)
 A = Elapsed time spent in this place.
 B = Non-inter-level travel time spent in this place.
 C = Inter-level travel time spent in this place.
 D = Time resting spent in this place.
 E = Time spent auto-exploring this place.
 F = Levels seen in this place.
 G = Mean time per level.
                   A        B        C        D        E       F      G
               +--------+--------+--------+--------+--------+-----+--------+
         Total |   4478 |   4381 |     97 |    273 |   3185 |   6 |  746.3 |
       Dungeon |   4463 |   4366 |     97 |    273 |   3185 |   5 |  892.6 |
        Temple |     14 |     14 |      0 |      0 |      0 |   1 |   14.0 |
               +--------+--------+--------+--------+--------+-----+--------+

Top non-repeatable levels by time:
     D:4: 1646 daAuts
     D:3: 1047 daAuts
     D:1: 840 daAuts
     D:2: 817 daAuts
     D:5: 110 daAuts
  Temple: 14 daAuts
